AoeStats
← omnomnomnivore

Arena

509093140Analyzed
2v2 RM · 5d ago on Sep 25, 2026· 44m 8s· 4 players
Game mode
Random Map
Map size
Medium (4 player)
Population
200
Speed
Normal
Resources
Standard
Victory
Conquest
Starting age
Dark Age
Ending age
Imperial Age
RankedLock teamsTeams togetherTeam positionsShared explorationLock speedFull tech treeHidden civsTurbo modeCheats
Victory
Defeat
🇦🇷 Teutons · Argentina
1501
+14
🇺🇸 Japanese · United States
1486
+14
🇩🇪 Mapuche · Germany
1461
-14
🇨🇳 Saxons · China
1439
-14
BungaloBones
9:56 Feudal Age
13:42 Castle Age
12:06 Double-Bit Axe
12:26 Horse Collar
14:18 Loom
15:06 Bow Saw
25:16 Heavy Plow
25:53 Wheelbarrow
27:48 Gold Mining
31:15 Imperial Age
29:01 Hand Cart
29:27 Stone Mining
29:29 Fletching
30:29 Bodkin Arrow
30:34 Padded Archer Armor
30:50 Crossbowman
32:15 Conscription
31:58 Bracer
32:08 Thumb Ring
31:54 Arbalester
33:38 Ballistics
33:51 Leather Archer Armor
36:24 Chemistry
36:08 Kataparuto
36:07 Siege Engineers
35:51 Town Watch
37:35 Ring Archer Armor
38:02 Light Cavalry
39:13 Bloodlines
39:04 Husbandry
39:14 Scale Barding Armor
39:21 Forging
40:52 Chain Barding Armor
41:21 Iron Casting
41:05 Elite Samurai
zzy846362
9:00 Feudal Age
7:49 Loom
9:31 Double-Bit Axe
10:06 Fletching
22:49 Castle Age
23:16 Castle Age
21:51 Gold Mining
25:01 Scale Barding Armor
25:07 Forging
25:14 Horse Collar
26:29 Chain Barding Armor
26:34 Bloodlines
26:35 Heavy Plow
27:52 Wheelbarrow
31:21 Hand Cart
32:45 Town Watch
36:03 Imperial Age
36:16 Iron Casting
36:11 Bow Saw
36:11 Cavalier
37:08 Scale Mail Armor
37:16 Capped Ram
38:43 Conscription
38:45 Chain Mail Armor
39:27 Plate Barding Armor
39:43 Conscription
40:33 Conscription
40:57 Paladin
44:14 Blast Furnace
43:45 Plate Mail Armor
44:37 Town Patrol
omnomnomnivore
7:09 Loom
10:27 Feudal Age
13:14 Double-Bit Axe
17:28 Castle Age
15:33 Fletching
17:37 Horse Collar
17:47 Gold Mining
18:09 Bodkin Arrow
22:13 Padded Archer Armor
27:12 Wheelbarrow
32:04 Bow Saw
31:54 Heavy Plow
32:30 Gold Shaft Mining
32:42 Leather Archer Armor
33:53 Elite Skirmisher
35:00 Ballistics
37:44 Imperial Age
35:30 Hand Cart
35:01 Town Watch
35:50 Malon
39:08 Ring Archer Armor
39:40 Chemistry
39:01 Forging
40:37 Conscription
41:07 Butalmapu
41:17 Elite Kona
AOE | Wu
9:16 Feudal Age
13:54 Castle Age
12:07 Double-Bit Axe
15:05 Loom
20:54 Horse Collar
25:54 Bow Saw
26:00 Heavy Plow
25:58 Gold Mining
27:47 Wheelbarrow
31:18 Gold Shaft Mining
33:25 Hand Cart
33:43 Stone Mining
41:31 Imperial Age
39:02 Fletching
39:13 Padded Archer Armor
40:06 Bodkin Arrow
42:20 Bracer
42:02 Crossbowman
42:51 Bracer
43:08 Leather Archer Armor
43:08 Thumb Ring
43:46 Arbalester
Connection lost

Rejoining the realm…

Still unreachable

The connection could not be restored.

Session expired

The server has moved on; the page needs a fresh start.